 Dungeon Crawl Stone Soup version 0.16-a0-5-g756871a (webtiles) character file.

109793 Argons the Spry (level 16, 83/83 HPs)
             Began as a Felid Wizard on Aug 3, 2014.
             Was the Champion of Okawaru.
             Quit the game on Level 1 of the Snake Pit.
             The game lasted 06:43:53 (65456 turns).

Argons the Spry (Felid Wizard)                     Turns: 65456, Time: 06:43:54

HP  83/83        AC  3     Str  3      XL: 16   Next:  5%
MP  28/28        EV 38     Int 21      God: Okawaru [******]
Gold 2751        SH  0     Dex 20      Spells:  4 memorised, 13 levels left
Lives: 1, deaths: 1

rFire  . . .     SeeInvis +       - Unarmed
rCold  + + .     Clarity  .     (armour unavailable)
rNeg   . . .     rCorr    .     (shield unavailable)
rPois  .         rRot     .     (helmet unavailable)
rElec  +         Spirit   +     (cloak unavailable)
SustAb .         Warding  .     (gloves unavailable)
rMut   .         Stasis   .     (boots unavailable)
Gourm  .                        h - amulet of Wonder {Spirit +Fly rElec rC+}
MR     +++..                    p - +3 ring of evasion
                                J - ring of protection from magic

@: quick, extremely resistant to hostile enchantments, extraordinarily stealthy
A: paw claws, no armour, no weapons or thrown items, fangs 3, see invisible,
carnivore 3, speed 1, shaggy fur 3, slow metabolism 1, jump 3
a: Jump Attack, Heroism, Finesse, Renounce Religion, Evoke Flight


You were on level 1 of the Snake Pit.
You worshipped Okawaru.
Okawaru was exalted by your worship.
You were completely stuffed.

You visited 7 branches of the dungeon, and saw 35 of its levels.

You collected 2856 gold pieces.
You spent 105 gold pieces at shops.

Inventory:

Magical devices
 c - a wand of cold (0)
 f - a wand of teleportation (6)
 l - a wand of frost (0)
 t - a wand of flame (0)
 v - a wand of flame (16)
 w - a wand of draining (12)
 C - a wand of disintegration (12)
 F - a wand of polymorph (4)
 M - a wand of draining (3)
 P - a wand of polymorph (15)
 Q - a wand of flame (15)
 T - a wand of polymorph (12)
 V - a wand of draining (3)
 X - a wand of magic darts (5)
 Y - a wand of polymorph (10)
Comestibles
 b - 7 beef jerkies
 d - 15 meat rations
 x - 9 slices of pizza
 B - a chunk of anaconda flesh
 G - 2 royal jellies
Scrolls
 a - 10 scrolls of teleportation
 m - 4 scrolls of fog
 o - 2 scrolls of blinking
 s - 13 scrolls of remove curse
 y - 5 scrolls of amnesia
 z - 3 scrolls of fear
 A - 2 scrolls of magic mapping
 D - 4 scrolls of silence
 W - a scroll of summoning
Jewellery
 g - the ring "Veofetog" {SustAb +Inv +Fly}
   (You found it on level 2 of the Elven Halls)

   [ring of sustain abilities]

   It sustains your strength, intelligence and dexterity.
   It lets you turn invisible.
   It lets you fly.
 h - the amulet of Wonder (around neck) {Spirit +Fly rElec rC+}
   (You acquired it on level 5 of the Dungeon)

   [amulet of guardian spirit]

   It causes incoming damage to be split between your health and magic.
   It protects you from cold.
   It insulates you from electricity.
   It lets you fly.
 p - a +3 ring of evasion (right paw)
 E - a cursed ring of protection from fire
 H - an uncursed ring of wizardry
 I - an uncursed amulet of clarity
 J - a ring of protection from magic (left paw)
 N - an uncursed ring of protection from magic
 R - an uncursed amulet of resist mutation
 U - an uncursed ring of wizardry
Potions
 e - 4 potions of cancellation
 i - 4 potions of magic
 j - 2 potions of heal wounds
 k - a potion of haste
 q - 2 potions of agility
 r - 4 potions of restore abilities
 u - 9 potions of curing
 K - a potion of resistance
 S - 2 potions of brilliance
 Z - a potion of might
Books
 n - a book of Air

   Spells                             Type                      Level
   Shock                              Conjuration/Air              1
   Swiftness                          Charms/Air                   2
   *Repel Missiles                    Charms/Air                   2
   Flight                             Charms/Air                   3
   Static Discharge                   Conjuration/Air              3
   Lightning Bolt                     Conjuration/Air              5
 L - a book of Clouds

   Spells                             Type                      Level
   Mephitic Cloud                     Conjuration/Poison/Air       3
   Conjure Flame                      Conjuration/Fire             3
   Poisonous Cloud                    Conjuration/Poison/Air       6
   Freezing Cloud                     Conjuration/Ice/Air          6
   Ring of Flames                     Charms/Fire                  7
 O - a book of Annihilations {highlevel}

   This book is beyond your current level of understanding.

   Spells                             Type                      Level
   Poison Arrow                       Conjuration/Poison           6
   Chain Lightning                    Conjuration/Air              8
   Lehudib's Crystal Spear            Conjuration/Earth            8
   Glaciate                           Conjuration/Ice              9
   Fire Storm                         Conjuration/Fire             9


   Skills:
 + Level 16.3 Fighting
 + Level 17.3 Dodging
 - Level 15.0 Stealth
 + Level 16.7 Unarmed Combat
 - Level 3.0 Spellcasting
 - Level 1.0 Conjurations
 - Level 8.0 Hexes
   Level 1.0 Summonings
   Level 1.5 Translocations


You had 13 spell levels left.
You knew the following spells:

 Your Spells              Type           Power        Failure   Level  Hunger
a - Magic Dart            Conj           #...         12%         1    None
b - Slow                  Hex            #####...     1%          2    ##.....
c - Repel Missiles        Chrm/Air       #.....       21%         2    ##.....
d - Confuse               Hex            #####...     1%          3    ###....


Dungeon Overview and Level Annotations

Branches:
Dungeon (15/15)            Temple (1/1) D:6             Orc (4/4) D:9
    Elf (3/3) Orc:4          Lair (8/8) D:9           Swamp (2/5) Lair:3
  Snake (2/5) Lair:6        Slime (0/6) Lair:7       Vaults (0/5) D:14
 Depths: D:15

Altars:
Ashenzari
Cheibriados
Dithmenos
Elyvilon
Fedhas
Gozag
Kikubaaqudgha
Makhleb
Nemelex Xobeh
Okawaru
Qazlal
Sif Muna
Trog
Vehumet
Xom
Yredelemnul
Zin
The Shining One
Beogh
Jiyva

Shops:
D:8 [   D:10 *   Orc:1 }   Orc:2 (   Orc:4 [?%%   Elf:2 }

Portals:
Trove: D:12 (give wand of heal wounds (9))

Annotations:
Orc:4 wand in tp
Elf:3 Agnes
Lair:1 Gastronok


Innate Abilities, Weirdness & Mutations

You cannot wear armour.
You are incapable of wielding weapons or throwing items.
Your paws have sharp claws.
You have razor-sharp teeth.
You have supernaturally acute eyesight.
You are carnivorous and can eat meat at any time.
You cover ground quickly.
Your thick and shaggy fur keeps you warm (AC +3, rC+).
You have a slow metabolism.
You can jump attack at a long distance.


Message History

You see here an anaconda corpse.
You start butchering the anaconda corpse.
You continue butchering the corpse. x3
You finish butchering the anaconda corpse.
B - 4 chunks of anaconda flesh Eat one of 4 chunks of anaconda flesh? (ye/n/q/i?) This raw flesh tastes great.
You continue eating. x2
Eat one of 3 chunks of anaconda flesh? (ye/n/q/i?) This raw flesh tastes great.
You continue eating. x2
Eat one of 2 chunks of anaconda flesh? (ye/n/q/i?) This raw flesh tastes great.
You continue eating. x2
Magic restored.
Save game and exit?
Welcome back, Argons the Felid Wizard.
Okawaru says: Bring me glory in combat!
Press ? for a list of commands and other information.
Are you sure you want to abandon this character and quit the game? (Confirm with "yes".)

'.......##.....### #.#
'........'.....# #.#
........##.....# #.####
....)...##.....# #....#
........##.....##########.#
#........}..............#.#
##'###.###############.##.#
#..#.......##########.##.#
##.#...........@...##.##.#
....................##.##.#
.....................#....#
.....................######
#####....(...........#
#..#########'###.# .....
.... .# ... .... # . ....


There were no monsters in sight!

Vanquished Creatures
  A deep elf sorcerer (Elf:2)
  Louise (Snake:1)
  Snorg (Lair:3)
  A deep elf death mage (Elf:1)
  A vault guard (D:15)
  Josephine (Swamp:1)
  A yaktaur captain (D:14)
  2 naga warriors (Snake:1)
  Harold (D:10)
  8 hydras
  2 anacondas (Snake:1)
  5 centaur warriors
  3 death yaks (Lair:8)
  2 alligators (Swamp:1)
  A shock serpent (Snake:1)
  2 tengu warriors
  Urug (D:11)
  Nergalle (D:12)
  Erolcha (Orc:1)
  A catoblepas (D:12)
  9 deep elf knights
  A swamp dragon (Swamp:1)
  8 hill giants
  7 deep elf summoners
  10 deep elf conjurers
  4 cyclopes
  2 mana vipers (Snake:1)
  5 orc knights
  7 ugly things
  3 manticores
  9 elephants (Lair:6)
  2 orc sorcerers
  3 griffons
  Maurice (D:13)
  4 black mambas
  2 centaur skeletons
  Psyche (Orc:2)
  A naga mage (Snake:2)
  14 spiny frogs
  2 yaktaurs (D:14)
  4 fire drakes
  8 deep elf priests
  Grinder (D:5)
  A spriggan druid (Lair:8)
  6 trolls
  A tengu conjurer (D:13)
  A slime creature (D:15)
  2 two-headed ogres
  20 blink frogs
  13 komodo dragons
  10 polar bears
  Prince Ribbit (D:7)
  7 ravens
  2 bog bodies (Swamp:1)
  2 boulder beetles (Lair:8)
  4 redbacks (Lair:8)
  5 basilisks
  A water elemental (D:13)
  3 wraiths
  3 wyverns
  28 deep elf magi
  A spriggan zombie (Swamp:1)
  48 yaks
  2 hungry ghosts
  16 spriggans
  A shadow (Swamp:1)
  A human (D:7)
  Grum (D:10)
  A spriggan skeleton (Swamp:1)
  2 steam dragons
  5 vampire mosquitoes (Swamp:1)
  28 wolves
  19 deep elf fighters
  12 hippogriffs
  5 swamp worms (Swamp:1)
  Edmund (D:5)
  7 porcupines
  A soldier ant (D:11)
  A warg (Orc:4)
  9 nagas
  A swamp drake (Lair:3)
  36 orc warriors
  8 yellow wasps
  5 phantoms
  4 ice beasts
  19 water moccasins
  8 sky beasts
  3 black bears (Lair:8)
  15 ogres
  2 boring beetles
  16 crocodiles
  A swamp dragon skeleton (Swamp:1)
  26 centaurs
  4 big kobolds
  A komodo dragon zombie (D:13)
  Blork the orc (D:6)
  16 giant frogs
  A spiny frog simulacrum (Swamp:1)
  2 water moccasin zombies
  7 earth elementals (D:12)
  4 scorpions
  8 killer bees
  A cyclops skeleton (D:10)
  10 electric eels
  20 wights
  A yellow wasp zombie (D:11)
  A goliath beetle (D:8)
  A water moccasin simulacrum (Swamp:1)
  9 crimson imps
  7 hounds
  5 jellies
  A gnoll shaman (D:4)
  19 orc priests
  29 orc wizards
  An orange rat (Elf:2)
  11 iguanas
  An elf skeleton (D:5)
  2 giant frog skeletons
  9 worker ants
  15 sheep
  Ijyb (D:7)
  An ogre zombie (D:7)
  A mummy (D:13)
  19 gnolls
  54 green rats
  30 adders
  10 shadow imps
  7 giant mites
  An orc skeleton (D:9)
  11 worms
  An iguana zombie (D:7)
  An adder zombie (D:9)
  A giant eyeball (D:15)
  6 giant geckos
  2 oozes (D:4)
  198 orcs
  2 ball pythons
  27 bats
  2 bat skeletons
  A bat zombie (D:6)
  7 giant cockroaches
  24 hobgoblins
  14 jackals
  15 quokkas
  A giant gecko skeleton (D:4)
  7 giant newts
  7 giant spores
  27 goblins
  2 hobgoblin skeletons
  A hobgoblin zombie (D:3)
  33 kobolds
  A kobold skeleton (D:4)
  A kobold zombie (D:7)
  3 orc zombies (D:9)
  15 rats
  13 ballistomycetes
1294 creatures vanquished.

Vanquished Creatures (collateral kills)
  A plant (Lair:8)
1 creature vanquished.

Vanquished Creatures (others)
  An orc warrior (Orc:4)
  A crocodile (Lair:7)
  A scorpion (D:10)
  A worker ant (D:12)
  An orc (Orc:3)
  3 fungi
  4 plants
12 creatures vanquished.

Grand Total: 1307 creatures vanquished

Notes
Turn   | Place    | Note
--------------------------------------------------------------
     0 | D:1      | Argons, the Felid Wizard, began the quest for the Orb.
     0 | D:1      | Reached XP level 1. HP: 7/7 MP: 5/5
   188 | D:1      | Reached skill level 1 in Conjurations
   188 | D:1      | Reached XP level 2. HP: 10/12 MP: 0/7
   192 | D:1      | Learned a level 2 spell: Slow
   195 | D:1      | Learned a level 2 spell: Repel Missiles
  1557 | D:2      | Found an iron altar of Okawaru.
  1562 | D:2      | Reached skill level 1 in Hexes
  1562 | D:2      | Reached XP level 3. HP: 15/15 MP: 3/9
  1708 | D:2      | Became a worshipper of Warmaster Okawaru
  1748 | D:3      | Reached skill level 1 in Fighting
  1906 | D:3      | Reached skill level 1 in Unarmed Combat
  2633 | D:2      | Reached skill level 4 in Stealth
  2756 | D:3      | Found an ancient bone altar of Kikubaaqudgha.
  2787 | D:3      | Reached XP level 4. HP: 19/19 MP: 6/12
  4252 | D:2      | Reached XP level 5. HP: 22/22 MP: 9/14
  5264 | D:4      | Noticed an ogre
  5298 | D:3      | Reached skill level 5 in Stealth
  5478 | D:4      | Noticed a phantom
  5707 | D:4      | Noticed a phantom
  5982 | D:4      | Noticed a deep elf mage
  6132 | D:4      | Noticed an ogre
  6720 | D:4      | Gained mutation: You are covered in thick fur (AC +2). [growing up]
  6720 | D:4      | Gained mutation: You can jump attack at a medium distance. [growing up]
  6720 | D:4      | Reached XP level 6. HP: 16/27 MP: 11/16
  8032 | D:4      | Killed an ogre
  8266 | D:4      | Killed an ogre
  8266 | D:4      | Reached skill level 6 in Stealth
  8266 | D:4      | Reached XP level 7. HP: 27/31 MP: 0/18
  9484 | D:5      | Entered Level 5 of the Dungeon
  9484 | D:5      | Noticed Edmund
 10802 | D:6      | Reached skill level 7 in Stealth
 10855 | D:6      | Noticed Blork the orc
 10875 | D:6      | Found a blossoming altar of Fedhas.
 11372 | D:6      | Reached XP level 8. HP: 32/36 MP: 16/20
 11598 | D:5      | Found a deep blue altar of Sif Muna.
 11680 | D:5      | Noticed Grinder
 11885 | D:6      | Reached skill level 5 in Dodging
 11927 | D:6      | Found a staircase to the Ecumenical Temple.
 11934 | Temple   | Entered the Ecumenical Temple
 12350 | D:7      | Reached skill level 5 in Fighting
 12508 | D:7      | Noticed a human
 12583 | D:7      | Noticed Prince Ribbit
 12680 | D:7      | Found a burning altar of Makhleb.
 12680 | D:7      | Found a shimmering altar of Xom.
 12981 | D:6      | Reached skill level 5 in Unarmed Combat
 13148 | D:6      | Reached skill level 8 in Stealth
 13469 | D:4      | Killed a phantom
 13874 | D:4      | Killed a phantom
 13874 | D:4      | Acquired Okawaru's first power
 14616 | D:3      | Noticed a centaur warrior
 15852 | D:6      | Killed Blork the orc
 16071 | D:5      | Reached XP level 9. HP: 41/41 MP: 10/21
 16231 | D:5      | Killed Edmund
 16231 | D:5      | Reached skill level 9 in Stealth
 16430 | D:5      | Found a basalt altar of Yredelemnul.
 16433 | D:5      | Found a blossoming altar of Fedhas.
 16442 | D:5      | Found a snail-covered altar of Cheibriados.
 16451 | D:5      | Found a stormy altar of Qazlal.
 16690 | D:5      | Killed Grinder
 17542 | D:5      | Identified a scroll of acquirement
 17543 | D:5      | Got a pitted silver amulet
 17544 | D:5      | Identified the amulet of Wonder {Spirit +Fly rElec rC+} (You acquired it on level 5 of the Dungeon)
 17700 | D:4      | Killed a deep elf mage
 19097 | D:7      | Noticed Ijyb
 19124 | D:7      | Killed Ijyb
 19526 | D:7      | Found an opulent altar of Gozag.
 19606 | D:7      | Reached skill level 10 in Stealth
 19796 | D:7      | Killed Prince Ribbit
 19913 | D:7      | Found a basalt altar of Yredelemnul.
 19971 | D:7      | Killed a human
 20440 | D:7      | Reached XP level 10. HP: 31/47 MP: 8/22
 21629 | D:8      | Paralysed by a yellow wasp for 1 turns
 22230 | D:8      | Reached skill level 11 in Stealth
 22349 | D:8      | Noticed a three-headed hydra
 22480 | D:8      | Noticed a centaur warrior
 23782 | D:9      | Found a staircase to the Lair.
 24632 | D:8      | Found Cliubib's Armour Emporium.
 25040 | D:8      | Killed a three-headed hydra
 25040 | D:8      | Reached skill level 10 in Dodging
 25040 | D:8      | Reached skill level 12 in Stealth
 25843 | D:8      | Killed a centaur warrior
 25843 | D:8      | Reached XP level 11. HP: 19/52 MP: 2/23
 26238 | D:3      | Killed a centaur warrior
 26741 | D:10     | Entered Level 10 of the Dungeon
 26920 | D:10     | Noticed Harold
 27145 | Lair:1   | Entered Level 1 of the Lair of Beasts
 27276 | Lair:1   | Noticed a five-headed hydra
 27989 | Lair:1   | Killed a five-headed hydra
 27989 | Lair:1   | Reached skill level 13 in Stealth
 28102 | Lair:1   | Noticed Gastronok
 28589 | Lair:1   | Acquired Okawaru's second power
 29562 | Lair:2   | Reached skill level 10 in Fighting
 29652 | Lair:2   | Reached skill level 10 in Unarmed Combat
 30779 | Lair:3   | Gained mutation: Your thick and shaggy fur keeps you warm (AC +3, rC+). [growing up]
 30779 | Lair:3   | Gained mutation: You can jump attack at a long distance. [growing up]
 30779 | Lair:3   | Reached XP level 12. HP: 58/58 MP: 20/24
 31351 | Lair:3   | Found a staircase to the Swamp.
 31381 | Lair:4   | Noticed Snorg
 31411 | Lair:3   | Killed Snorg
 32788 | Lair:5   | Learned a level 3 spell: Confuse
 33431 | Lair:5   | Noticed a seven-headed hydra
 33450 | Lair:5   | Killed a seven-headed hydra
 33620 | Lair:5   | Noticed a five-headed hydra
 33658 | Lair:5   | Killed a five-headed hydra
 33956 | Lair:5   | Reached skill level 5 in Hexes
 34076 | Lair:6   | Found a staircase to the Snake Pit.
 34972 | Lair:6   | Reached XP level 13. HP: 59/65 MP: 21/25
 37011 | Lair:7   | Found a viscous altar of Jiyva.
 37012 | Lair:7   | Found a staircase to the Slime Pits.
 37543 | Lair:8   | Entered Level 8 of the Lair of Beasts
 39607 | Lair:8   | Reached XP level 14. HP: 68/71 MP: 23/26
 40630 | Lair:8   | Reached skill level 14 in Unarmed Combat
 41379 | D:10     | Found a radiant altar of Vehumet.
 41425 | D:10     | Noticed Grum
 41439 | D:10     | Killed Grum
 41802 | D:10     | Killed Harold
 41882 | D:10     | Found Thidgh's Demolitions Depot.
 42310 | D:11     | Reached XP level 15. HP: 61/75 MP: 22/27
 42388 | D:11     | Noticed Urug
 42397 | D:11     | Killed Urug
 43128 | D:12     | Noticed Nergalle
 43650 | D:9      | Found a staircase to the Orcish Mines.
 43871 | Orc:1    | Entered Level 1 of the Orcish Mines
 44054 | Orc:2    | Noticed Erolcha
 44087 | Orc:1    | Killed Erolcha
 44110 | Orc:2    | Found Aluymute's Antique Weapon Shop.
 44347 | Orc:1    | Found Apeugg's Gadget Shoppe.
 44368 | Orc:1    | Found a bloodstained altar of Trog.
 44482 | Orc:1    | Found an iron altar of Okawaru.
 44774 | Orc:2    | Noticed Psyche
 44784 | Orc:2    | Killed Psyche
 44785 | Orc:2    | Found a roughly hewn altar of Beogh.
 46346 | Orc:4    | Entered Level 4 of the Orcish Mines
 46561 | Orc:4    | Found a deep blue altar of Sif Muna.
 46641 | Orc:4    | Found a staircase to the Elven Halls.
 47344 | Orc:4    | Found Threstrei's Food Boutique.
 47344 | Orc:4    | Found Ilut's Magic Scroll Shoppe.
 47548 | Orc:4    | Found Shisis' Armour Emporium.
 47550 | Orc:4    | Found Uskuacem's Food Shop.
 47557 | Orc:4    | Bought a scroll of silence for 105 gold pieces
 47900 | Elf:1    | Entered Level 1 of the Elven Halls
 49109 | D:12     | Found a burning altar of Makhleb.
 49497 | D:12     | Found a portal to a secret trove of treasure.
 49686 | D:12     | Killed Nergalle
 50286 | D:13     | Reached skill level 15 in Unarmed Combat
 50548 | D:13     | Noticed Maurice
 50550 | D:13     | Killed Maurice
 50791 | Swamp:1  | Entered Level 1 of the Swamp
 50794 | Swamp:1  | Reached skill level 15 in Dodging
 50930 | Snake:1  | Entered Level 1 of the Snake Pit
 52380 | Swamp:1  | Reached skill level 15 in Fighting
 52565 | Swamp:1  | Noticed Josephine
 52605 | Swamp:1  | Killed Josephine
 55138 | Lair:8   | Reached XP level 16. HP: 66/81 MP: 20/28
 56939 | D:15     | Entered Level 15 of the Dungeon
 57050 | D:14     | Found a gate to the Vaults.
 57512 | D:14     | Reached skill level 15 in Stealth
 57977 | D:15     | Reached skill level 16 in Dodging
 60009 | Elf:2    | Got a brightly glowing granite ring
 60021 | Elf:1    | Identified the ring "Veofetog" {SustAb +Inv +Fly} (You found it on level 2 of the Elven Halls)
 61355 | Elf:2    | Found Craptozxo's Gadget Boutique.
 61624 | Elf:2    | Found a radiant altar of Vehumet.
 62447 | Elf:3    | Entered Level 3 of the Elven Halls
 62987 | Elf:3    | Reached skill level 17 in Dodging
 63220 | Elf:3    | Noticed Agnes
 65013 | Snake:1  | Noticed Louise
 65037 | Snake:1  | Shot with a bolt by a naga sharpshooter
 65038 | Snake:1  | Reached XP level 15. HP: -1/78 MP: 0/27
 65070 | Snake:1  | Killed Louise
 65070 | Snake:1  | Reached XP level 16. HP: 54/82 MP: 12/28
 65456 | Snake:1  | Quit the game

Action                   |  1- 3 |  4- 6 |  7- 9 | 10-12 | 13-15 | 16-18 || total
-------------------------+-------+-------+-------+-------+-------+-------++-------
Melee: Unarmed           |    61 |   127 |   768 |  1379 |  2275 |   792 ||  5402
 Cast: Magic Dart        |   106 |   282 |   460 |   183 |    95 |    27 ||  1153
       Repel Missiles    |     1 |       |     2 |     3 |     3 |     4 ||    13
       Slow              |     5 |    22 |    81 |   132 |   125 |    18 ||   383
       Confuse           |       |       |       |    12 |    52 |    16 ||    80
Invok: Heroism           |       |       |       |     1 |     1 |       ||     2
       Finesse           |       |       |       |       |     2 |       ||     2
 Abil: Jump Attack       |       |     1 |    18 |    22 |    22 |    24 ||    87
       Evoke Flight      |       |       |       |       |     1 |       ||     1
Evoke: Wand              |       |       |     4 |    13 |     3 |       ||    20
  Use: Scroll            |     5 |     4 |     7 |    12 |     8 |     8 ||    44
       Potion            |       |       |     1 |     1 |     1 |     1 ||     4
 Stab: Sleeping          |     3 |       |     7 |    30 |    70 |    29 ||   139
       Confused          |       |       |     1 |     4 |    32 |     7 ||    44
       Distracted        |       |       |       |     2 |    11 |     5 ||    18
  Eat: Chunk             |    11 |    11 |    30 |    44 |    55 |    31 ||   182
